Ranlip, chaotic male elven Ranger ------------ |..........| +..........| ------------- |........<.. .`.........`| ------+-.--- |.... | ## |..r- # |...| ### |..`| # |..d| +######## |...----- ..| # # # |.....`.....| #######.`.@.......`| # ------------- Ranlip the Tenderfoot Experience level: 1 Strength: 14 Dexterity: 11 Constitution: 16 Intelligence: 15 Wisdom: 13 Charisma: 7 Health: 0(13) Energy: 4(4) Def: 9 Gold: 330 Moves: 2050 Dungeon seed: xMShqVQnlrkR4p-d Game ID: Ranlip_1642435530 Your Inventory: Weapons d - an uncursed +1 elven dagger (alternate weapon; not wielded) e - an uncursed +1 elven bow i - 11 uncursed +0 darts j - 7 uncursed +0 crossbow bolts k - 2 uncursed +0 orcish daggers (wielded) E - an uncursed +0 elven dagger G - 3 uncursed +0 daggers M - 57 uncursed +2 elven arrows Q - 30 uncursed +0 elven arrows (in quiver) Armor b - an uncursed +2 elven cloak (being worn) n - an uncursed +0 orcish helm r - an uncursed +0 orcish helm (being worn) N - a cursed -1 orcish helm Y - an uncursed +0 elven mithril-coat (being worn) Comestibles f - 4 uncursed lembas wafers o - 2 uncursed lichen corpses A - an uncursed tin of male large kobold meat H - an uncursed tripe ration Scrolls q - a cursed scroll of teleportation t - an uncursed scroll of destroy armor z - an uncursed scroll of fire Spellbooks v - an uncursed spellbook of detect treasure y - an uncursed spellbook of detect monsters Potions h - an uncursed potion of gain level m - an uncursed potion of water C - an uncursed potion of restore ability Rings w - an uncursed +1 ring of gain strength Wands l - an uncursed wand of cancellation (0:4) x - a cursed wand of cold (0:6) D - a blessed wand of make invisible (0:7) Tools s - an uncursed stethoscope F - an uncursed wax candle (0:400) Coins $ - 330 gold pieces Spells and supernatural/magical abilities: Name Level Category Cost Memory W - pray for help -- divine ? -- Your skills at the end: Fighting Skills wands [Basic] Weapon Skills dagger [Basic] bow [Basic] Spellcasting Skills Final Attributes: You were fervently aligned. You were immune to sleep. You saw invisible. You had automatic searching. You had infravision. You were stealthy. You were lucky. Mars was noncommittal. You are dead. Vanquished creatures: a kobold mummy a gray ooze an acid blob a hobbit a hobgoblin 3 gnomes 3 geckos 7 jackals a fox a kobold 3 goblins 3 sewer rats 4 grid bugs 2 lichens a kobold zombie 5 newts 38 creatures vanquished. Voluntary challenges: You were an atheist. You never hit with a wielded weapon. You were a pacifist. You read items or engraved 2 times, starting on turn 603. You never genocided any monsters. You never polymorphed an object. You never changed form. You used no wishes. You never split a pudding. You wrote Elbereth's name 2 times, starting on turn 603. You never violated your personal moral code. Dungeon overview: The Dungeons of Doom: levels 1 to 5 Level 1 a long staircase Level 2 a delicatessen, a fountain Level 3 stairs to The Gnomish Mines Level 4 a vault Level 5 <- You were here The Gnomish Mines: Level 4 stairs to The Dungeons of Doom History has recorded: On T:1 you entered the Dungeons of Doom to retrieve the Amulet of Yendor! On T:256 you reached level 2 of The Dungeons of Doom. On T:875 you reached level 3 of The Dungeons of Doom. On T:922 you reached level 4 of The Dungeons of Doom. On T:1019 you reached level 1 of The Gnomish Mines. On T:1686 you reached level 5 of The Dungeons of Doom. Score breakdown: Gold: 330 ( 8571 points) Experience: 1 level ( 0 points) Exploration: 5 levels ( 11.11%) ( 9045 points) Discoveries: 1 item ( 0.34%) ( 1746 points) Valuables value: (no points given unless you survive) Artifact value: 0 ( 0 points) Variety of kills: 16 monsters ( 4.21%) ( 6155 points) Turncount: 2050 turns ( -37 points) Survival: died (score multiplied by 80%) Total score: 20384 Latest messages: You see here a statue of a female mountain centaur. You displace Sirius. The grid bug misses Sirius. Sirius bites the grid bug. The grid bug is killed! You see here a statue of a female mountain centaur. Sirius bites the gray ooze. The gray ooze bites Sirius. Sirius bites the gray ooze. The gray ooze misses Sirius. Sirius bites the gray ooze. (2x) The gray ooze is killed! Sirius bites the newt. The newt is killed! Sirius picks up a gray ooze corpse. The grid bug misses Sirius. Sirius misses the grid bug. The grid bug misses Sirius. Sirius bites the grid bug. The grid bug is killed! Sirius drops a gray ooze corpse. You see here a gray ooze corpse. You have a very bad case of stomach acid. You die... Final status: Goodbye Ranlip the Ranger, killed by an acidic corpse... You died in The Dungeons of Doom on dungeon level 5 with 20384 points, and 330 pieces of gold, after 2050 moves. You were level 1 with a maximum of 13 hit points when you died.